 Dungeon Crawl Stone Soup version 0.29-a0-553-g81b289dbe5 (webtiles) character file.

Game seed: 14459269721152029224

1818 kae the Firebug (level 8, -2/57 HPs)
             Began as a Demigod Fire Elementalist on June 6, 2022.
             Slain by a wight
             ... wielding a +0 dagger
              (5 damage)
             ... on level 6 of the Dungeon.
             The game lasted 00:05:26 (7816 turns).

kae the Firebug (Demigod Fire Elementalist)         Turns: 7816, Time: 00:05:26

Health: -2/57      AC:  5    Str:  9    XL:     8   Next: 55%
Magic:  14/18      EV: 12    Int: 25    God:
Gold:   319        SH:  0    Dex: 14    Spells: 3/16 levels left

rFire   . . .      SeeInvis .   d - +0 whip
rCold   . . .      Faith    .   (no shield)
rNeg    . . .      Spirit   .   a - +0 robe
rPois   .          Reflect  .   (no helmet)
rElec   .          Harm     .   (no cloak)
rCorr   +          Rampage  .   (no gloves)
Will    .....                   i - +2 pair of boots
Stlth   ++........              (no amulet)
HPRegen 0.19/turn               n - ring of resist corrosion
MPRegen 0.16/turn               (no ring)

@: lethally poisoned (-2 -> -9)
A: high MP 1, forlorn, divine attributes
a: no special abilities


You were on level 6 of the Dungeon.
You visited 1 branch of the dungeon, and saw 6 of its levels.

You collected 319 gold pieces.

Inventory:

Hand Weapons
 d - a +0 whip (weapon)
Missiles
 g - a throwing net
Armour
 a - a +0 robe (worn)
 i - a +2 pair of boots (worn)
Jewellery
 n - a ring of resist corrosion (left hand)
Wands
 k - a wand of acid (5)
 l - a wand of flame (13)
 t - a wand of digging (6)
Scrolls
 c - 3 scrolls of teleportation
 f - a scroll of fog
 h - a scroll of fear
 j - 4 scrolls of noise
Potions
 e - 3 potions of brilliance
 m - a potion of lignification
 p - a potion of invisibility
 q - 3 potions of heal wounds
 r - 2 potions of curing
 s - 2 potions of mutation {unknown}
 u - a potion of might {unknown}
 v - 2 potions of ambrosia {unknown}


   Skills:
 - Level 1.7 Dodging
 - Level 1.7 Stealth
 + Level 4.5 Spellcasting
 * Level 6.6 Conjurations
 * Level 7.2 Fire Magic


You had 3 spell levels left.
You knew the following spells:

 Your Spells              Type           Power      Damage    Failure   Level
a - Foxfire               Conj/Fire      100%       2x1d9     1%          1
b - Scorch                Fire           82%        2d9       1%          2
c - Conjure Flame         Conj/Fire      40%        6-21      1%          3
d - Inner Flame           Hex/Fire       23%        N/A       6%          3
e - Flame Wave            Conj/Fire      40%        2d9       4%          4

Your spell library contained the following spells:

 Spells                   Type           Power      Damage    Failure   Level
 Beastly Appendage        Tmut           10%        N/A       9%          1
 Poisonous Vapours        Pois/Air       10%        N/A       13%         2
 Wereblood                Tmut           5%         N/A       13%         2
 Spider Form              Tmut/Pois      5%         N/A       26%         3
 Cause Fear               Hex            2%         N/A       65%         4
 Corpse Rot               Necr/Pois/Air  5%         N/A       65%         4
 Dragon Form              Tmut           2%         N/A       100%        7
 Dragon's Call            Summ           2%         N/A       100%        9


Dungeon Overview and Level Annotations

Branches:
Dungeon (6/15)             Temple (0/1) D:4

Shops:
D:6 :

Annotations:
D:2 Crazy Yiuf, Sigmund


Innate Abilities, Weirdness & Mutations

You have an increased reservoir of magic. (+10% MP)
You shall have no god before yourself.
Your divine heritage dramatically boosts your attributes as you level up.


Message History

You don't have enough magic to cast this spell.
Casting: Scorch (safe; 1% risk of failure)
Confirm with . or Enter, or press ? or * to list all spells.
You conjure some foxfire!
The foxfire hits the wight but does no damage.
The wight is heavily damaged.
The wight is no longer more vulnerable to fire.
A scorpion comes into view.
Magic courses through your body.
A wight comes into view. It is wielding a +0 dagger.
The orc shouts!
Items here: )) [ †.
Things that are here:
a +0 falchion; a +0 leather armour; an orc corpse
Casting: Foxfire (safe; 1% risk of failure)
Confirm with . or Enter, or press ? or * to list all spells.
Flames lash the wight.
The wight is heavily damaged.
The wight's fire resistance burns away.
You hear a shout!
The scorpion closely misses you. The scorpion misses you.
The scorpion stings you but does no damage.
The wight hits you with a +0 dagger.
* * * LOW HITPOINT WARNING * * *
Casting: Scorch (safe; 1% risk of failure)
Confirm with . or Enter, or press ? or * to list all spells.
Flames lash the scorpion.
The scorpion is heavily wounded.
The scorpion's fire resistance burns away.
The scorpion stings you!
* * * LOW HITPOINT WARNING * * *
You are lethally poisoned!
The scorpion poisons you! The wight barely misses you.
* * * LOW HITPOINT WARNING * * *
You feel very sick. The scorpion stings you.
* * * LOW HITPOINT WARNING * * *
The wight hits you with a +0 dagger.
You die...

#.. #.. #.. #.. ##########
######### #.. #####.z....).#
#.......###### #.....##)###)#
##.............
#.###.#..###.####........######
#............z@s............##
#..#####'#######'####....#...##
#..# .... .. ##......... #..#
.z.## ## #...#...## #?.# ..#
#.####.### ##.# #.# #.# #.+ +.#
#.# #.# ### +### #.. #.# #.#
##.#.....# #.# ..#


You could see a scorpion (combustible) and a wight (combustible).

Vanquished Creatures
  2 water moccasins (D:6)
  3 ogres
  A centaur (D:6)
  2 phantoms
  2 bullfrogs (D:6)
  3 scorpions
  A necrophage (D:5)
  3 wights (D:6)
  A howler monkey (D:4)
  2 orc priests
  A hound (D:4)
  6 iguanas
  3 orc wizards
  Robin (D:2)
  4 gnolls (D:2)
  4 adders
  A shadow imp (D:6)
  3 white imps
  2 worms (D:4)
  A dart slug (D:2)
  18 orcs
  4 endoplasms
  5 giant cockroaches
  8 hobgoblins
  5 jackals
  8 kobolds
  8 quokkas
  9 ball pythons
  8 bats
  3 frilled lizards
  23 goblins
  5 rats
150 creatures vanquished.

Vanquished Creatures (others)
  389 foxfires
389 creatures vanquished.

Grand Total: 539 creatures vanquished

Notes
Turn   | Place    | Note
-------+----------+-------------------------------------------
     0 | D:1      | kae the Demigod Fire Elementalist began the quest for the
                  | Orb.
     0 | D:1      | Reached XP level 1. HP: 14/14 MP: 5/5
    42 | D:1      | Reached skill level 1 in Conjurations
   541 | D:1      | Reached XP level 2. HP: 15/20 MP: 1/7
   633 | D:1      | Reached skill level 3 in Fire Magic
  1430 | D:1      | Reached XP level 3. HP: 24/26 MP: 3/8
  1433 | D:1      | Learned a level 2 spell: Scorch
  1437 | D:1      | Learned a level 3 spell: Conjure Flame
  1790 | D:2      | Noticed Robin
  1967 | D:2      | Killed Robin
  2188 | D:2      | Noticed Sigmund
  2273 | D:2      | Found a runed translucent door.
  2274 | D:2      | Noticed Crazy Yiuf
  2442 | D:2      | Reached XP level 4. HP: 33/33 MP: 7/10
  4010 | D:3      | Reached skill level 4 in Fire Magic
  4010 | D:3      | Reached XP level 5. HP: 38/38 MP: 6/11
  4684 | D:4      | Noticed an ogre
  4709 | D:4      | Found a staircase to the Ecumenical Temple.
  4800 | D:4      | Killed an ogre
  4975 | D:4      | Reached XP level 6. HP: 34/45 MP: 6/13
  5074 | D:4      | Learned a level 3 spell: Inner Flame
  5295 | D:4      | Reached skill level 5 in Fire Magic
  5730 | D:4      | Reached XP level 7. HP: 50/50 MP: 11/15
  6013 | D:5      | Entered Level 5 of the Dungeon
  6226 | D:5      | Reached skill level 5 in Conjurations
  6433 | D:5      | Learned a level 4 spell: Flame Wave
  6765 | D:5      | Reached skill level 6 in Fire Magic
  7070 | D:6      | Reached XP level 8. HP: 57/57 MP: 3/17
  7368 | D:6      | Found Eclitokke's Book Shop.
  7731 | D:6      | Reached skill level 7 in Fire Magic
  7816 | D:6      | Slain by a wight

Illustrated notes

Levels and vault maps discovered:
D:1:      lemuel_arrival_tunnels, layout_basic
D:2:      minmay_general_purpose_star, layout_rooms,
          chequers_ecumenical_altar_simple_redux, hangedman_decor_growths,
          uniq_robin, uniq_sigmund, uniq_crazy_yiuf_cottage
D:3:      layout_loops_ring
D:4:      nicolae_cairo_tiling_very_big, layout_rooms, elyvilon_altar_5
D:5:      lemuel_ice_spiral_2, layout_basic
D:6:      layout_loops_ring, minmay_crystal_water, nicolae_take_the_stairs,
          minivault_23, minmay_quadrilaterals

Skill      XL: |  1  2  3  4  5  6  7  8 |
---------------+-------------------------+-----
Conjurations   | 1 2 3 4 5 6 |  6.6
Fire Magic     | 3 4 5 6 7 |  7.2
Spellcasting   | 2 3 4 |  4.5
Dodging        | |  1.7
Stealth        | |  1.7

Action                   |  1- 3 |  4- 6 |  7- 9 || total
-------------------------+-------+-------+-------++-------
Melee: Whip              |     3 |    16 |    10 ||    29
 Cast: Foxfire           |    91 |    90 |    51 ||   232
       Scorch            |     2 |    34 |    41 ||    77
       Conjure Flame     |       |     2 |     4 ||     6
Evoke: Wand              |       |       |     3 ||     3
  Use: Scroll            |     2 |     7 |     6 ||    15
       Potion            |       |       |     1 ||     1
Armor: Robe              |    12 |    19 |    15 ||    46
Dodge: Dodged            |    34 |    45 |    43 ||   122

Table legend: (Time is in decaauts)
 A = Elapsed time spent in this place.
 B = Non-inter-level travel time spent in this place.
 C = Inter-level travel time spent in this place.
 D = Time resting spent in this place.
 E = Time spent auto-exploring this place.
 F = Levels seen in this place.
 G = Mean time per level.
                   A        B        C        D        E       F      G
               +--------+--------+--------+--------+--------+-----+--------+
         Total |   7821 |   7520 |    301 |    378 |   5934 |   6 | 1303.5 |
       Dungeon |   7821 |   7520 |    301 |    378 |   5934 |   6 | 1303.5 |
               +--------+--------+--------+--------+--------+-----+--------+

Top non-repeatable levels by time:
     D:1: 1994 daAuts
     D:2: 1715 daAuts
     D:4: 1261 daAuts
     D:3: 1045 daAuts
     D:5: 1012 daAuts
     D:6: 790 daAuts
